Map: Ley Lines

Players

KimChiLoVer - Winner!

  • Race: Terran Terran
  • Spawn Location: 7:00

VOD

Have the link to the VOD?

Description

Time

  • Played on: Aug. 14, 2025, 9:58 p.m.
  • Length: 10:21
Show
View Real Time Build Order
Export as new Build Order

KimChiLoVer Terran - Winner!

Build Orders: Reaper Expand 

Get SALT Encoding   

  12  0:02  SCV  
  12  0:14  SCV  
  12  0:17  Supply Depot  
  12  0:26  SCV  
  12  0:39  SCV  
  12  0:41  Barracks  
  12  0:44  Refinery  
  12  0:51  SCV  
  12  1:03  SCV  
  12  1:15  SCV  
  12  1:28  Orbital Command  
  12  1:29  Reaper  
  12  1:40  Command Center  
  12  1:48  Supply Depot  
  12  1:54  SCV  
  12  2:02  Marine  
  12  2:05  Factory  
  12  2:09  Refinery  
  12  2:13  SCV  
  12  2:25  SCV  
  12  2:28  Barracks Reactor  
  12  2:36  Barracks  
  12  2:38  SCV, Barracks  
  12  2:49  Factory Tech Lab  
  12  2:50  SCV  
  12  2:58  Orbital Command  
  12  3:02  SCV  
  12  3:06  Marine x2  
  12  3:15  SCV  
  12  3:24  Marine x2  
  12  3:32  Command Center  
  12  3:36  Stimpack  
  12  3:39  SCV  
  12  3:42  SCV  
  12  3:50  Starport, Factory Reactor  
  12  3:53  SCV  
  12  3:55  SCV  
  12  3:57  Marine  
  12  4:05  Supply Depot  
  12  4:09  Engineering Bay  
  12  4:12  Engineering Bay  
  12  4:17  SCV  
  12  4:20  SCV  
  12  4:22  Marine  
  12  4:23  Marine  
  12  4:32  SCV  
  12  4:35  Terran Infantry Weapons Level 1  
  12  4:37  Medivac  
  12  4:39  Medivac  
  12  4:44  SCV  
  12  4:46  Terran Infantry Armor Level 1  
  12  4:50  Refinery  
  12  4:51  Marine  
  12  4:56  Barracks  
  12  4:57  Barracks Tech Lab  
  12  5:02  Orbital Command  
  12  5:08  Barracks  
  12  5:10  Marine  
  12  5:11  Marine  
  12  5:16  Factory Tech Lab  
  12  5:23  Marine x2, Orbital Command  
  12  5:24  Armory  
  12  5:27  Combat Shield  
  12  5:35  SCV  
  12  5:37  SCV  
  12  5:40  Refinery  
  12  5:45  Supply Depot  
  12  5:46  Concussive Shells  
  12  5:47  SCV  
  12  5:48  Siege Tank  
  12  5:49  SCV  
  12  5:50  Marine x2  
  12  5:52  Barracks Reactor  
  12  5:54  Marine x2  
  12  6:07  Marine  
  12  6:08  Barracks Tech Lab  
  12  6:12  Medivac, Marauder x2  
  12  6:14  SCV  
  12  6:16  SCV  
  12  6:17  SCV  
  12  6:21  Supply Depot  
  12  6:26  SCV  
  12  6:28  Marauder, SCV, Marine  
  12  6:29  SCV, Marine  
  12  6:33  Siege Tank  
  12  6:38  SCV  
  12  6:40  SCV  
  12  6:41  Terran Infantry Weapons Level 2, Supply Depot  
  12  6:45  SCV  
  12  6:51  SCV  
  12  6:54  Terran Infantry Armor Level 2  
  12  6:59  SCV  
  12  7:02  SCV  
  12  7:03  SCV  
  12  7:05  Supply Depot  
  12  7:09  Supply Depot  
  12  7:12  Barracks  
  12  7:13  Barracks  
  12  7:15  Barracks  
  12  7:17  Marauder x2, Marine x3  
  12  7:18  SCV  
  12  7:19  SCV  
  12  7:21  SCV  
  12  7:26  Viking  
  12  7:27  Medivac  
  12  7:31  SCV, Supply Depot  
  12  7:32  Terran Vehicle And Ship Armor Level 1  
  12  7:36  Supply Depot  
  12  7:37  Marauder, Marine  
  12  7:38  Marauder  
  12  7:39  Reaper  
  12  7:43  SCV  
  12  7:51  Command Center  
  12  7:57  Marauder, Marine x2  
  12  7:58  Marauder  
  12  8:00  SCV  
  12  8:02  SCV  
  12  8:05  Refinery  
  12  8:09  Barracks Tech Lab  
  12  8:10  Barracks Reactor x2  
  12  8:12  Medivac x2, SCV  
  12  8:17  Starport  
  12  8:23  SCV, Refinery  
  12  8:24  SCV x2  
  12  8:35  SCV  
  12  8:37  Siege Tank  
  12  8:42  Marine  
  12  8:47  Supply Depot  
  12  8:50  Marine x3  
  12  8:51  Medivac x2  
  12  8:52  SCV, Supply Depot  
  12  8:53  SCV x2  
  12  9:01  Marauder, Marine x2  
  12  9:02  Marauder, Marine x3  
  12  9:04  SCV  
  12  9:05  SCV  
  12  9:09  Siege Tank  
  12  9:10  Supply Depot  
  12  9:11  SCV  
  12  9:12  Marauder, Marine x3  
  12  9:13  Marauder  
  12  9:15  Supply Depot, Starport Reactor  
  12  9:19  Marine  
  12  9:36  Planetary Fortress  
  12  9:39  SCV x2  
  12  9:40  SCV  
  12  9:45  Viking  
  12  9:47  Marine x2  
  12  9:48  Marine x8  
  12  9:49  Marine x2  
  12  9:55  Supply Depot  
  12  10:20  Missile Turret  
Tags
 
Add a new tag
Caveats
  • Supply blocks, unpowered buildings, or Contaminate may cause inaccurate times.
  • Supply counts are checked every 10 seconds.